 Dungeon Crawl Stone Soup version 0.28.0-1-gb440e238dd (webtiles) character file.

Game seed: 6490650071744586932

5356 Peloso the Carver (level 10, -2/86 HPs)
             Began as a Minotaur Fighter on Feb 21, 2022.
             Was a Believer of Okawaru.
             Slain by an orc knight (21 damage)
             ... in a bailey.
             The game lasted 00:14:17 (8963 turns).

Peloso the Carver (Minotaur Fighter)                Turns: 8963, Time: 00:14:18

Health: -2/86      AC: 22    Str: 24    XL:     10   Next: 39%
Magic:  7/9        EV: 15    Int:  5    God:    Okawaru [**....]
Gold:   428        SH:  7    Dex: 14    Spells: 9/9 levels left

rFire   + . .      SeeInvis .   a - +8 long sword of True Grit {vorpal, rPois rC+ Dex+3}
rCold   + . .      Faith    .   c - +0 buckler
rNeg    . . .      Spirit   .   w - +0 swamp dragon scales
rPois   +          Reflect  .   (helmet restricted)
rElec   .          Harm     .   k - +0 cloak
rCorr   .          Rampage  .   t - +2 pair of gloves
Will    .....                   q - +0 pair of boots
Stlth   ++........              (no amulet)
HPRegen 0.24/turn               B - +4 ring of protection
MPRegen 0.11/turn               y - ring of protection from fire

@: heroic, very slow
A: horns 2, retaliatory headbutt
a: Renounce Religion, Heroism


You were in a bailey.
You worshipped Okawaru.
Okawaru was pleased with you.
You visited 2 branches of the dungeon, and saw 9 of its levels.
You also visited: Bailey.

You collected 428 gold pieces.

Inventory:

Hand Weapons
 a - the +8 long sword of True Grit (weapon) {vorpal, rPois rC+ Dex+3}
   (You found it on level 2 of the Dungeon)

   It inflicts extra damage upon your enemies.
   Dex:       It affects your dexterity (+3).
   rC:        It protects you from cold.
   rPois:     It protects you from poison.
 b - a +6 falchion
 C - the +9 dagger "Killer Klown's Doom" {vorpal, rF+ rC+}
   (You found it on level 7 of the Dungeon)

   It inflicts extra damage upon your enemies.
   rF:        It protects you from fire.
   rC:        It protects you from cold.
 D - a +1 spear of flaming
Armour
 c - a +0 buckler (worn)
 k - a +0 cloak (worn)
 q - a +0 pair of boots (worn)
 t - a +2 pair of gloves (worn)
 w - +0 swamp dragon scales (worn)
Jewellery
 y - a ring of protection from fire (right hand)
 B - a +4 ring of protection (left hand)
Wands
 m - a wand of iceblast (12)
 u - a wand of flame (20)
 x - a wand of acid (13)
Scrolls
 h - a scroll of amnesia
 i - 5 scrolls of blinking
 j - 3 scrolls of teleportation
 n - a scroll of enchant armour
 z - a scroll of immolation
Potions
 d - 2 potions of might
 e - a potion of invisibility
 f - a potion of lignification {unknown}
 g - 2 potions of magic {unknown}
 l - 5 potions of curing {unknown}
 o - a potion of attraction {unknown}
 p - 2 potions of resistance {unknown}
 v - a potion of brilliance {unknown}


   Skills:
 + Level 7.6(12.6) Fighting
 + Level 11.9(16.9) Long Blades
 + Level 9.4(14.4) Armour
 + Level 5.1(10.1) Dodging
 + Level 2.7(7.7) Stealth
 + Level 7.2(12.2) Shields


You had 9 spell levels left.
You didn't know any spells.
Your spell library contained the following spells:

 Spells                   Type           Power      Damage    Failure   Level
 Foxfire                  Conj/Fire      0%         2x1d4     65%         1
 Conjure Flame            Conj/Fire      0%         6-21      95%         3
 Inner Flame              Hex/Fire       0%         N/A       95%         3
 Flame Wave               Conj/Fire      0%         2d4       100%        4
 Leda's Liquefaction      Hex/Erth       0%         N/A       100%        4
 Lee's Rapid Deconstruct  Erth           0%         3d5*      100%        5
 Statue Form              Tmut/Erth      0%         N/A       100%        6


Dungeon Overview and Level Annotations

Branches:
Dungeon (8/15)             Temple (1/1) D:5            Lair (0/6) D:8
 Bailey (1/1)

Altars:
Ashenzari
Cheibriados
Dithmenos
Fedhas
Gozag
Hepliaklqana
Makhleb
Nemelex Xobeh
Okawaru
Qazlal
Ru
Trog
Vehumet
Wu Jian
Xom
Yredelemnul
Zin
The Shining One

Shops:
D:1 (   D:3 *   D:5 [*   D:8 :

Annotations:
D:3 1 runed translucent door, Ablot's ghost, amateur GnWr
D:5 2 transporters, Miritol's ghost, weakling PaDe


Innate Abilities, Weirdness & Mutations

You have a pair of horns on your head.
You reflexively headbutt those who attack you in melee.


Message History

You slice the orc knight!!
You kill the orc knight!
Okawaru is honoured by your kill. The orc knight misses you.
You furiously retaliate!
You headbutt the orc knight, but do no damage.
You block the orc knight's attack.
Your base Dodging skill increases to level 5!
The orc knight completely misses you.
You see here a +2 executioner's axe of electrocution.
You feel like a meek peon again.
There is an open gate here.
You enter the shallow water.
Moving in this stuff is going to be slow.
The orc knight hits you from afar with a +0 trident!
The orc knight splashes around in the water.
The orc knight no longer looks unusually strong.
The orc knight roars a battlecry!
The orc goes into a battle-frenzy!
You gain the combat prowess of a mighty hero.
Your unstable footing causes you to fumble your attack.
The orc knight roars a battlecry!
The orc knight goes into a battle-frenzy!
You slash the orc knight!
The orc knight is lightly wounded.
The orc knight splashes around in the water.
You barely miss the orc knight.
The orc knight is lightly wounded.
You hit the orc knight but do no damage.
You headbutt the orc knight.
The orc knight is moderately wounded.
You block the orc knight's attack.
Your unstable footing causes you to fumble your attack.
The orc knight hits you from afar with a +0 trident!!
* * * LOW HITPOINT WARNING * * *
You block the orc knight's attack.
You hit the orc knight. You headbutt the orc knight.
The orc knight is moderately wounded.
The orc knight completely misses you.
The orc knight hits you with a +0 glaive!!
You die...

###≈≈≈≈≈≈≈≈≈≈≈≈≈≈≈≈≈≈≈###≈≈.....#
#.##≈≈≈≈≈≈≈≈≈≈≈≈≈≈≈≈≈##.##≈.....#
....≈≈≈≈≈≈≈≈≈≈≈≈≈≈≈≈≈....#≈.....#
#.∩#≈≈≈≈≈≈≈≈≈≈≈≈≈≈≈≈≈#∩.##≈.....#
#.##≈≈≈≈≈≈≈###≈≈≈≈≈≈≈##)#≈≈.....#
≈≈≈≈≈≈≈≈#########≈≈≈≈≈≈)≈≈≈.....#
≈≈≈≈≈≈≈##≈≈≈≈≈≈≈##≈≈≈≈≈≈≈≈≈.....#
≈≈≈≈≈≈##≈≈#'#'#≈≈##≈≈≈≈≈≈≈≈.....#
≈≈≈≈≈≈#≈≈##.#)##@≈#≈≈≈≈≈≈≈≈.....#
≈≈≈≈≈##≈#########o##≈≈≈≈≈≈≈.....#
≈≈≈≈≈##≈')#?.)#.'o##≈≈≈≈≈≈≈.....#
≈≈≈≈≈##≈###._.###≈##≈≈≈≈≈≈≈.....#
≈≈≈≈≈##≈')#.).#)'≈##≈≈≈≈≈≈≈.....#
≈≈≈≈≈##≈####'####≈##≈≈≈≈≈≈≈.....#
≈≈≈≈≈##≈≈##∩oo##≈≈#≈≈≈≈≈≈≈≈.....#
≈≈≈≈≈≈≈≈≈##'''#≈≈##≈≈≈≈≈≈≈≈.....#
)≈≈≈≈≈≈≈≈##≈≈≈≈≈##≈≈≈≈≈≈≈≈≈.....#


You could see 2 orc knights.

Vanquished Creatures
  An orc knight (Bailey)
  A gargoyle (D:7)
  Maggie (D:6)
  A hornet (D:8)
  Grinder (D:6)
  Sigmund (D:2)
  A wyvern (D:7)
  2 water moccasins
  6 orc warriors
  An ice beast (D:7)
  A hornet zombie (D:6)
  A black bear (D:5)
  3 ogres
  2 phantoms
  A necrophage (D:7)
  2 centaurs
  A bullfrog (D:8)
  A scorpion (D:3)
  A gnoll sergeant (D:8)
  A wyvern skeleton (D:7)
  14 wights
  3 howler monkeys (D:8)
  2 centaur zombies
  3 jellies
  3 orc priests
  A bullfrog zombie (D:7)
  3 centaur skeletons (D:7)
  6 hounds
  Crazy Yiuf (D:2)
  4 iguanas
  4 orc wizards
  3 killer bee zombies
  A hound skeleton (D:5)
  A howler monkey zombie (D:7)
  5 gnolls (D:8)
  5 adders
  A shadow imp (D:7)
  A white imp (D:6)
  3 adder skeletons (D:4)
  A worm (D:5)
  4 dart slugs
  32 orcs
  4 ball pythons
  2 bats
  7 endoplasms
  6 giant cockroaches
  13 goblins
  6 hobgoblins
  3 jackals (D:4)
  10 kobolds
  4 quokkas
  6 frilled lizards
  5 rats
197 creatures vanquished.

Vanquished Creatures (others)
  37 plants (D:8)
37 creatures vanquished.

Grand Total: 234 creatures vanquished

Notes
Turn   | Place    | Note
-------+----------+-------------------------------------------
     0 | D:1      | Peloso the Minotaur Fighter began the quest for the Orb.
     0 | D:1      | Reached XP level 1. HP: 19/19 MP: 0/0
   246 | D:1      | Reached XP level 2. HP: 23/27 MP: 1/1
   655 | D:1      | Found Kikabex's Weapon Emporium.
   903 | D:1      | Found a faded altar of an unknown god.
  1066 | D:2      | Reached XP level 3. HP: 30/33 MP: 2/2
  1225 | D:2      | Identified the +8 long sword of True Grit {vorpal, rPois
                  | rC+ Dex+3}
  1345 | D:2      | Found a runed translucent door.
  1346 | D:2      | Noticed Crazy Yiuf
  1720 | D:2      | Noticed Sigmund
  1730 | D:2      | Killed Sigmund
  1731 | D:2      | Reached skill level 3 in Long Blades
  1731 | D:2      | Reached skill level 5 in Armour
  1731 | D:2      | Reached skill level 1 in Dodging
  1731 | D:2      | Reached XP level 4. HP: 21/41 MP: 3/3
  1731 | D:2      | Reached XP level 5. HP: 24/47 MP: 4/4
  1976 | D:2      | Killed Crazy Yiuf
  2172 | D:3      | Reached skill level 4 in Long Blades
  2175 | D:3      | Reached XP level 6. HP: 44/53 MP: 5/5
  2318 | D:3      | Found Omooph's Assorted Antiques.
  2485 | D:3      | Found a blossoming altar of Fedhas.
  2574 | D:3      | Found a runed translucent door.
  2650 | D:3      | Noticed Ablot's ghost (amateur GnWr)
  2840 | D:3      | Found a shimmering altar of Xom.
  3101 | D:4      | Reached skill level 5 in Long Blades
  3128 | D:4      | Reached XP level 7. HP: 19/60 MP: 6/6
  3436 | D:4      | Reached skill level 6 in Long Blades
  4109 | D:5      | Entered Level 5 of the Dungeon
  4115 | D:5      | Reached skill level 5 in Fighting
  4406 | D:5      | Found a transporter.
  4409 | D:5      | Noticed Miritol's ghost (weakling PaDe)
  4418 | D:5      | Found a transporter.
  4462 | D:5      | Found Mifioj's Mayhem Merchandise.
  4484 | D:5      | Found Duin Osi's Antique Armour Boutique.
  4500 | D:5      | Found a staircase to the Ecumenical Temple.
  4518 | Temple   | Entered the Ecumenical Temple
  4644 | D:5      | Reached skill level 7 in Long Blades
  4644 | D:5      | Reached skill level 1 in Stealth
  4949 | D:5      | Reached XP level 8. HP: 29/68 MP: 7/7
  4969 | D:5      | Reached skill level 5 in Shields
  5705 | D:6      | Found a shadowy altar of Dithmenos.
  5883 | D:6      | Reached skill level 8 in Long Blades
  5940 | D:6      | Noticed Grinder
  5948 | D:6      | Paralysed by Grinder for 3 turns
  5959 | D:6      | Killed Grinder
  6163 | D:6      | Reached skill level 9 in Long Blades
  6413 | D:6      | Noticed Maggie
  6429 | D:6      | Killed Maggie
  6430 | D:6      | Reached XP level 9. HP: 60/75 MP: 8/8
  7040 | D:7      | Found an iron altar of Okawaru.
  7050 | D:7      | Became a worshipper of Warmaster Okawaru
  7295 | D:7      | Reached skill level 10 in Long Blades
  7438 | D:7      | Noticed a gargoyle
  7451 | D:7      | Killed a gargoyle
  7453 | D:7      | Reached * piety under Okawaru
  7572 | D:7      | Reached skill level 11 in Long Blades
  7667 | D:7      | Identified the +9 dagger "Killer Klown's Doom" {vorpal, rF+
                  | rC+}
  8092 | D:7      | Reached XP level 10. HP: 77/84 MP: 9/9
  8400 | D:8      | Found Zati's Book Emporium.
  8451 | D:8      | Found a flagged portal.
  8466 | Bailey   | Entered a bailey
  8505 | Bailey   | Reached ** piety under Okawaru
  8936 | Bailey   | Noticed an orc knight
  8936 | Bailey   | Noticed an orc knight
  8936 | Bailey   | Noticed an orc knight
  8944 | Bailey   | Killed an orc knight
  8945 | Bailey   | Reached skill level 5 in Dodging
  8963 | Bailey   | Slain by an orc knight

Illustrated notes

Levels and vault maps discovered:
D:1:      dpeg_arrival_line_fractal, layout_loops_cross, serial_shops,
          nicolae_shop_temple_entry_statues_fountains, basic_ecumenical_altar
D:2:      layout_basic, uniq_crazy_yiuf_cottage, uniq_sigmund
D:3:      layout_loops_cross, mainiacjoe_overflow_alcove_4,
          nicolae_overflow_crystal_walls, serial_shops, shop_statue,
          hellmonk_ghost_happy_afterlife, minmay_misc_feat_columns,
          chequers_serial_rivers_small_3
D:4:      layout_loops_ring
D:5:      layout_loops_ring, minmay_temple_entry_tees,
          gammafunk_ghost_mausoleum, minmay_shop_mayhem, grunt_ministairs_3,
          minivault_5, minmay_parallelograms, nicolae_stop_n_shop_2,
          bh_walls_and_bars
D:6:      layout_loops_ring, amcnicky_altar_gilded, uniq_grinder, uniq_maggie
D:7:      minmay_razor_zed, layout_cave_pods, okawaru_metal_pillars_1_2
D:8:      layout_basic, kennysheep_mini, david_lair_shrubbed, serial_shops,
          shop, enter_bailey_3
Temple:   eino_temple_lava
Bailey:   bailey_polearm_2, bailey

Skill      XL: |  1  2  3  4  5  6  7  8  9 10 |
---------------+-------------------------------+-----
Armour         | 4 5 6 7 8 9 |  9.4
Shields        | 4 5 6 7 |  7.2
Fighting       | 4 5 6 7 |  7.6
Long Blades    | 3 4 5 7 9 11 | 11.9
Dodging        | 1 2 3 4 5 |  5.1
Stealth        | 1 2 |  2.7

Action                   |  1- 3 |  4- 6 |  7- 9 | 10-12 || total
-------------------------+-------+-------+-------+-------++-------
Melee: Long sword        |    76 |    52 |   226 |    89 ||   443
       Headbutt          |     8 |     2 |    48 |    13 ||    71
Invok: Heroism           |       |       |       |     2 ||     2
  Use: Scroll            |       |     4 |       |     5 ||     9
 Stab: Sleeping          |       |       |     1 |     1 ||     2
Armor: Scale mail        |    33 |     9 |    43 |       ||    85
       Swamp dragon scal |       |       |    35 |    64 ||    99
Dodge: Dodged            |    33 |    17 |    95 |    85 ||   230
Block: Buckler           |    12 |    11 |    54 |    54 ||   131
